 Dungeon Crawl Stone Soup version 0.29.1-2-gbd0b4ee654 (webtiles) character file.

Game seed: 1363107707150519300

42 kyanize the Covered (level 3, -5/33 HPs)
             Began as a Minotaur Fighter on Nov 12, 2022.
             Was a Follower of the Shining One.
             Slain by a worm (6 damage)
             ... on level 2 of the Dungeon.
             The game lasted 00:08:05 (1145 turns).

kyanize the Covered (Minotaur Fighter)              Turns: 1145, Time: 00:08:05

Health: -5/33      AC:  7    Str: 22    XL:     3   Next: 35%
Magic:  1/1        EV:  9    Int:  5    God:    the Shining One [*.....]
Gold:   62         SH:  4    Dex:  9    Spells: 2/2 levels left

rFire   + . .      SeeInvis .   f - +0 falchion
rCold   . . .      Faith    .   c - +0 buckler
rNeg    . . .      Spirit   .   b - +0 scale mail
rPois   .          Reflect  .   (helmet restricted)
rElec   .          Harm     .   (no cloak)
rCorr   .          Rampage  .   (no gloves)
Will    .....                   (no boots)
Stlth   +.........              (no amulet)
HPRegen 0.11/turn               (no ring)
MPRegen 0.07/turn               (no ring)

@: glowing
A: horns 2, retaliatory headbutt, camouflage 1, fire resistance 1, low MP 1
a: Renounce Religion, Divine Shield


You were on level 2 of the Dungeon.
You worshipped the Shining One.
The Shining One was aware of your devotion.
You visited 1 branch of the dungeon, and saw 2 of its levels.

You collected 62 gold pieces.

Inventory:

Hand Weapons
 f - a +0 falchion (weapon)
 h - a +0 sling
Missiles
 a - 2 stones (quivered)
Armour
 b - a +0 scale mail (worn)
 c - a +0 buckler (worn)
Scrolls
 e - a scroll of identify
Potions
 d - a potion of might
 g - a potion of mutation


   Skills:
 + Level 4.2 Fighting
 + Level 2.7 Long Blades
 + Level 4.2 Armour
 + Level 4.2 Shields


You had 2 spell levels left.
You didn't know any spells.
Your spell library contained the following spells:

 Spells                   Type           Power      Damage    Failure   Level
 Freeze                   Ice            0%         1d3       87%         1
 Frozen Ramparts          Ice            0%         1d1       99%         3
 Hailstorm                Conj/Ice       0%         3d3       100%        4


Dungeon Overview and Level Annotations

Branches:
Dungeon (2/15)

Altars:
The Shining One


Innate Abilities, Weirdness & Mutations

You have a pair of horns on your head.
You reflexively headbutt those who attack you in melee.
Your skin changes colour to match your surroundings (Stealth+).
Your flesh is heat resistant. (rF+)
Your magical capacity is low. (-10% MP)


Message History

You headbutt the jackal.
You kill the jackal!
You barely miss the jackal. You headbutt the jackal.
You kill the jackal!
You hit the jackal.
The jackal is heavily wounded.
The jackal barely misses you. You furiously retaliate!
You headbutt the jackal.
You kill the jackal!
You hit the worm.
The worm is lightly wounded.
The worm bites you.
You hit the worm.
The worm is moderately wounded.
You hit the worm.
The worm is heavily wounded.
The worm bites you!
You hit the worm.
The worm is heavily wounded.
The worm bites you.
You completely miss the worm.
The worm is heavily wounded.
You hit the worm.
The worm is severely wounded.
The worm bites you.
* * * LOW HITPOINT WARNING * * *
Okay, then.
You hit the worm.
The worm is severely wounded.
The worm bites you.
* * * LOW HITPOINT WARNING * * *
You hit the worm.
The worm is severely wounded.
The worm bites you!
* * * LOW HITPOINT WARNING * * *
You hit the worm.
The worm is severely wounded.
You hit the worm.
The worm is almost dead.
The worm bites you.
You die...

#.###.....###
#...#..#.........
.......#.......##
................
.....#.......####
...#...[.......
####.#....w†.#
#.........@..#
###........###......
#........†..........
#...................
#.......#.#...#.....
#.......#.#...... ..
#.......#.#...... .
#.##.#......##...
#.#..#......# ...


You could see a worm.

Vanquished Creatures
  An adder (D:2)
  A worm (D:2)
  4 ball pythons
  4 bats
  2 endoplasms (D:1)
  A giant cockroach (D:1)
  3 hobgoblins
  6 jackals (D:2)
  2 frilled lizards (D:1)
  2 kobolds
  2 rats (D:1)
28 creatures vanquished.

Notes
Turn   | Place    | Note
-------+----------+-------------------------------------------
     0 | D:1      | kyanize the Minotaur Fighter began the quest for the Orb.
     0 | D:1      | Reached XP level 1. HP: 19/19 MP: 0/0
   283 | D:1      | Reached XP level 2. HP: 27/27 MP: 1/1
   313 | D:1      | Found a faded altar of an unknown god.
   362 | D:1      | Gained mutation: Your magical capacity is low. (-10% MP)
                  | [potion of mutation]
   362 | D:1      | Gained mutation: You sometimes lose your temper in combat.
                  | [potion of mutation]
   362 | D:1      | Gained mutation: You are somewhat resistant to further
                  | mutation. [potion of mutation]
   407 | D:1      | Prayed at the altar of an unknown god.
   407 | D:1      | Became a worshipper of the Shining One
   407 | D:1      | Reached * piety under the Shining One
   663 | D:1      | Lost mutation: You sometimes lose your temper in combat.
                  | [potion of mutation]
   663 | D:1      | Lost mutation: You are somewhat resistant to further
                  | mutation. [potion of mutation]
   663 | D:1      | Gained mutation: You have hidden genetic defects. [potion
                  | of mutation]
   663 | D:1      | Gained mutation: Your flesh is heat resistant. (rF+)
                  | [potion of mutation]
   663 | D:1      | Gained mutation: Your skin changes colour to match your
                  | surroundings (Stealth+). [potion of mutation]
   663 | D:1      | Lost mutation: You have hidden genetic defects. [potion of
                  | mutation]
   851 | D:2      | Reached XP level 3. HP: 16/33 MP: 1/1
  1143 | D:2      | HP: 1/33 [worm (7)]
  1145 | D:2      | Slain by a worm

Illustrated notes

Levels and vault maps discovered:
D:1:      dreamdust_arrival_sigmund_warning, layout_loops_ring,
          hellmonk_ecumenical_altar_run_dry
D:2:      layout_basic, serial_shops, shop_fountains

Skill      XL: |  1  2 |
---------------+-------+-----
Fighting       | 4 |  4.2
Shields        | 4 |  4.2
Armour         | 4 |  4.2
Long Blades    | |  2.7

Action                   || total
-------------------------++-------
Melee: Long sword        ||    40
       Headbutt          ||     7
       Falchion          ||    42
  Use: Potion            ||     5
       Scroll            ||     2
Armor: Scale mail        ||    36
Dodge: Dodged            ||    32
Block: Buckler           ||    21
